 Dungeon Crawl Stone Soup version 0.20-a0-1109-ge3cd172 (webtiles) character file.

155 graki42 the Insei (level 5, -6/40 HPs)
             Began as a Draconian Transmuter on May 5, 2017.
             Killed from afar by Dowan (9 damage)
             ... with a puff of flame
             ... on level 4 of the Dungeon.
             The game lasted 00:07:30 (2002 turns).

graki42 the Insei (Draconian Transmuter)            Turns: 2002, Time: 00:07:31

Health: -6/40      AC:  2    Str: 15    XL:     5   Next: 14%
Magic:  8/9        EV: 20    Int: 14    God:
Gold:   127        SH:  0    Dex: 17    Spells: 3/9 levels left

rFire    . . .     SeeInvis +     - Unarmed
rCold    . . .     Gourm    .   (shield currently unavailable)
rNeg     . . .     Faith    .   (armour unavailable)
rPois    x         Spirit   .   (helmet currently unavailable)
rElec    .         Reflect  .   (cloak currently unavailable)
rCorr    .         Harm     .   (gloves currently unavailable)
MR       .....                  (boots currently unavailable)
Stlth    ++........             (no amulet)
Regen    0.2/turn               n - +3 ring of strength
MPRegen  0.2/turn               p - ring of see invisible

@: spider-form (expiring)
A: unfitting armour, AC +5
a: End Transformation


You were on level 4 of the Dungeon.
You were not hungry.
You were a venomous arachnid creature.
You visited 1 branch of the dungeon, and saw 4 of its levels.

You collected 127 gold pieces.

Inventory:

Missiles
 a - 34 arrows
Jewellery
 n - a +3 ring of strength (left front leg)
 p - a ring of see invisible (right front leg)
 r - an uncursed ring of resist corrosion {unknown}
Wands
 s - a wand of iceblast (5/15)
Scrolls
 f - a scroll of amnesia {unknown}
 g - 3 scrolls of teleportation {unknown}
 i - a scroll of identify {unknown}
 j - a scroll of remove curse {unknown}
 m - a scroll of fear {unknown}
Potions
 d - 2 potions of mutation {unknown}
 e - 2 potions of agility {unknown}
 h - 3 potions of degeneration {unknown}
 o - a potion of cancellation {unknown}
 q - a potion of curing
Books
 b - a book of Changes

   Spells                             Type                      Level
   a - Beastly Appendage              Transmutation                1
   b - Sticks to Snakes               Transmutation                2
   c - Spider Form                    Transmutation/Poison         3
   d - Ice Form                       Ice/Transmutation            4
   e - Blade Hands                    Transmutation                5
Comestibles
 c - 3 bread rations
 k - 2 fruits
 l - a royal jelly


   Skills:
 + Level 1.3 Fighting
 + Level 2.1 Dodging
 + Level 1.0 Stealth
 + Level 4.1 Unarmed Combat
 + Level 2.8 Spellcasting
 + Level 3.0 Transmutations
 + Level 1.1 Poison Magic


You had 3 spell levels left.
You knew the following spells:

 Your Spells              Type           Power        Failure   Level  Hunger
a - Beastly Appendage     Tmut           ##....       17%         1    #......
b - Sticks to Snakes      Tmut           ##......     24%         2    ###....
c - Spider Form           Tmut/Pois      #.........   50%         3    ###....


Dungeon Overview and Level Annotations

Branches:
Dungeon (4/15)
 Temple: D:4-7

Altars:

Annotations:
D:4 Dowan, Duvessa


Innate Abilities, Weirdness & Mutations

((Your plain brown scales are hard. (AC +5)))
You cannot fit into any form of body armour.
((You are cold-blooded and may be slowed by cold attacks.))


Message History

Duvessa hits you with a rapier!
You hit Duvessa.
Duvessa looks even sicker.
Duvessa is heavily wounded.
Duvessa completely misses you.
You hit Duvessa.
Duvessa looks as sick as possible!
Duvessa is heavily wounded.
Duvessa misses you.
A jackal comes into view.
The jackal barks!
You hit Duvessa.
Duvessa looks as sick as possible!
Duvessa is heavily wounded.
Dowan mumbles some strange words.
Dowan blinks!
You barely miss Dowan. Duvessa hits you with a rapier.
Dowan closely misses you.
You closely miss Dowan. Duvessa hits you with a rapier!
* * * LOW HITPOINT WARNING * * *
Dowan casts a spell at you. The puff of flame hits you!
You die...

#.#.[.#####
#.#!.....$.
#.<.....##
#........##
#...!......
###...#####
#.h.# ##e##
#s# #e# #..
####


You could see Duvessa, Dowan and a jackal.

Vanquished Creatures
  Ijyb (D:3)
  A gnoll (D:2)
  2 adders (D:2)
  3 oozes
  4 dart slugs
  2 worms (D:2)
  3 leopard geckos
  An orc (D:3)
  3 bats
  A giant cockroach (D:1)
  6 goblins
  8 hobgoblins
  10 jackals (D:2)
  8 kobolds
  2 quokkas (D:3)
  2 frilled lizards
  10 rats
67 creatures vanquished.

Vanquished Creatures (collateral kills)
  A worm (D:2)
1 creature vanquished.

Grand Total: 68 creatures vanquished

Notes
Turn   | Place    | Note
-------+----------+-------------------------------------------
     0 | D:1      | graki42 the Draconian Transmuter began the quest for the Orb.
     0 | D:1      | Reached XP level 1. HP: 16/16 MP: 3/3
   152 | D:1      | Reached XP level 2. HP: 13/23 MP: 1/5
   712 | D:2      | Reached XP level 3. HP: 20/28 MP: 4/6
   761 | D:2      | Learned a level 2 spell: Sticks to Snakes
   765 | D:2      | Learned a level 3 spell: Spider Form
   946 | D:2      | Reached XP level 4. HP: 35/35 MP: 2/7
  1273 | D:2      | Reached skill level 1 in Stealth
  1280 | D:2      | Reached skill level 4 in Unarmed Combat
  1688 | D:3      | Noticed Ijyb
  1719 | D:3      | Killed Ijyb
  1719 | D:3      | Reached skill level 1 in Poison Magic
  1719 | D:3      | Reached XP level 5. HP: 23/40 MP: 1/9
  1981 | D:4      | Noticed Duvessa
  1981 | D:4      | Noticed Dowan
  2002 | D:4      | Killed from afar by Dowan

Vault maps used:
D:1:      dpeg_arrival_chase, minmay_tetromino_l2
D:2:      cheibrodos_gnoll_hut
D:3:      uniq_ijyb
D:4:      serial_shops, shop_fountains, chequers_ossuary_entry_cave,
          minivault_1, uniq_duvessa

Skill      XL: |  1  2  3  4 |
---------------+-------------+-----
Dodging        | 2 |  2.1
Stealth        | 1 |  1.0
Unarmed Combat | 4 |  4.1
Transmutations | 3 |  3.0
Poison Magic   | 1 |  1.1
Fighting       | |  1.3
Spellcasting   | |  2.8

Action                   |  1- 3 |  4- 6 || total
-------------------------+-------+-------++-------
Melee: Unarmed           |   102 |   107 ||   209
       Tailslap          |     9 |     9 ||    18
       Kick              |     1 |     1 ||     2
       Headbutt          |     4 |     1 ||     5
 Cast: Beastly Appendage |    20 |     7 ||    27
       Spider Form       |     3 |    12 ||    15
       Sticks to Snakes  |     1 |       ||     1
 Stab: Sleeping          |     2 |     3 ||     5
  Eat: Chunk             |     1 |     6 ||     7
Armor: Skin              |    17 |    20 ||    37
Dodge: Dodged            |    64 |    67 ||   131
